 Dungeon Crawl Stone Soup version 0.28-a0-1038-g9c4cb8273d (webtiles) character file.

Game seed: 8088755129163624151

35 avis the Skirmisher (level 3, 0/37 HPs)
             Began as an Ogre Warper on Dec 9, 2021.
             Slain by a worm (9 damage)
             ... on level 2 of the Dungeon.
             The game lasted 00:04:38 (1181 turns).

avis the Skirmisher (Ogre Warper)                   Turns: 1181, Time: 00:04:38

Health: 0/37       AC:  3    Str: 15    XL:     3   Next: 35%
Magic:  6/6        EV:  9    Int: 16    God:
Gold:   12         SH:  0    Dex:  8    Spells: 1/6 levels left

rFire   . . .      SeeInvis .   a - +0 mace
rCold   . . .      Faith    .   (no shield)
rNeg    . . .      Spirit   .   b - +0 robe
rPois   .          Reflect  .   (helmet restricted)
rElec   .          Harm     .   (no cloak)
rCorr   .          Rampage  .   (gloves unavailable)
Will    .....                   (boots unavailable)
Stlth   +.........              (no amulet)
HPRegen 0.12/turn               (no ring)
MPRegen 0.10/turn               (no ring)

@: no status effects
A: large, unfitting armour, tough skin 1
a: no special abilities


You were on level 2 of the Dungeon.
You visited 1 branch of the dungeon, and saw 2 of its levels.

You collected 12 gold pieces.

Inventory:

Hand Weapons
 a - a +0 mace (weapon)
Missiles
 d - 5 boomerangs of dispersal (quivered)
 f - 19 stones
 j - 29 sling bullets
Armour
 b - a +0 robe (worn)
Magical Staves
 i - a staff of death
Scrolls
 c - a scroll of blinking
 e - a scroll of vulnerability {unknown}
 h - 2 scrolls of enchant armour {unknown}
 k - a scroll of enchant weapon {unknown}
Potions
 g - a potion of mutation {unknown}


   Skills:
 + Level 3.5 Fighting
 * Level 2.9 Maces & Flails
 - Level 1.0 Throwing
 - Level 2.1 Dodging
 - Level 2.4 Spellcasting
 - Level 2.6 Translocations


You had one spell level left.
You knew the following spells:

 Your Spells              Type           Power      Damage    Failure   Level
b - Blink                 Tloc           20%        N/A       10%         2
o - Ozocubu's Armour      Ice            1%         N/A       52%         3

Your spell library contained the following spells:

 Spells                   Type           Power      Damage    Failure   Level
 Gell's Gravitas          Tloc           10%        N/A       21%         3
 Lesser Beckoning         Tloc           10%        N/A       21%         3
 Teleport Other           Tloc           10%        N/A       21%         3
 Manifold Assault         Tloc           10%        N/A       88%         5
 Metabolic Englaciation   Hex/Ice        0%         N/A       99%         5
 Simulacrum               Ice/Necr       0%         N/A       100%        6


Dungeon Overview and Level Annotations

Branches:
Dungeon (2/15)

Altars:


Innate Abilities, Weirdness & Mutations

You are too large for most types of armour.
You have tough skin. (AC +1)


Message History

You see here a giant cockroach corpse.
You sock the ball python!
You kill the ball python!
You see here a ball python corpse.
A worm comes into view.
You barely miss the worm.
The adder hisses angrily.
You hit the worm.
The worm is lightly wounded.
The worm bites you.
You hit the worm but do no damage.
The worm is lightly wounded.
The worm closely misses you.
You hit the worm.
The worm is moderately wounded.
The worm barely misses you.
You hit the worm.
The worm is moderately wounded.
You hit the worm but do no damage.
The worm is moderately wounded.
The worm bites you!
You sock the worm!
The worm is severely wounded.
The worm barely misses you.
You barely miss the worm.
The worm is severely wounded.
The worm bites you!
You hit the worm.
The worm is severely wounded.
You barely miss the worm.
The worm is severely wounded.
The worm bites you.
You hit the worm.
The worm is severely wounded.
The worm bites you.
* * * LOW HITPOINT WARNING * * *
You barely miss the worm.
The worm is severely wounded.
The worm bites you!
You die...

#......................+
........<..............#
#...##.#...............#
............#....[.....#
...###.######.........
#..# #.# #.#.#...## #..#
#.# #.#.#S..#
#..###.######.#.#w..#
#.>.............@##.#
#..##########....# ...
#.....# #..............+
#.....###.###.#..##....#
.......# #.#..# ....#
#...##.# #.#..# .#...
#...# # #..... ....##.#
#...... .........
#.....#.


You could see a worm and an adder.

Vanquished Creatures
  A gnoll (D:1)
  2 ball pythons
  2 bats (D:1)
  A giant cockroach (D:2)
  2 goblins (D:1)
  3 hobgoblins (D:1)
  4 jackals (D:1)
  3 kobolds (D:1)
  4 rats
22 creatures vanquished.

Notes
Turn   | Place    | Note
-------+----------+-------------------------------------------
     0 | D:1      | avis the Ogre Warper began the quest for the Orb.
     0 | D:1      | Reached XP level 1. HP: 22/22 MP: 3/3
   335 | D:1      | Reached skill level 3 in Fighting
   339 | D:1      | Reached XP level 2. HP: 19/31 MP: 5/5
   503 | D:1      | Found a faded altar of an unknown god.
   518 | D:1      | Reached XP level 3. HP: 18/37 MP: 6/6
   677 | D:1      | Learned a level 2 spell: Blink
   681 | D:1      | Learned a level 3 spell: Ozocubu's Armour
  1181 | D:2      | Slain by a worm

Illustrated notes

Levels and vault maps discovered:
D:1:      zaba_arrival_water, layout_rooms, ebering_ecumenical_altar_rust
D:2:      layout_basic, basic_altar

Skill      XL: |  1 |
---------------+----+-----
Maces & Flails | 2 |  2.9
Fighting       | 3 |  3.5
Throwing       | |  1.0
Dodging        | |  2.1
Spellcasting   | |  2.4
Translocations | |  2.6

Action                   || total
-------------------------++-------
Melee: Mace              ||    84
 Stab: Distracted        ||     1
       Sleeping          ||     1
Armor: Robe              ||    38
Dodge: Dodged            ||    53

Table legend: (Time is in decaauts)
 A = Elapsed time spent in this place.
 B = Non-inter-level travel time spent in this place.
 C = Inter-level travel time spent in this place.
 D = Time resting spent in this place.
 E = Time spent auto-exploring this place.
 F = Levels seen in this place.
 G = Mean time per level.
                   A        B        C        D        E       F      G
               +--------+--------+--------+--------+--------+-----+--------+
         Total |   1213 |   1144 |     69 |    510 |    342 |   2 |  606.5 |
       Dungeon |   1213 |   1144 |     69 |    510 |    342 |   2 |  606.5 |
               +--------+--------+--------+--------+--------+-----+--------+

Top non-repeatable levels by time:
     D:1: 1096 daAuts
     D:2: 116 daAuts
